 Dungeon Crawl Stone Soup version 0.29-a0-284-gf9362112df (webtiles) character file.

Game seed: 18184401281335473898

2 spaghetti the Grasshopper (level 1, -2/16 HPs)
             Began as a Demonspawn Warper on Mar 24, 2022.
             Slain by a goblin
             ... wielding a +0 dagger
              (3 damage)
             ... on level 1 of the Dungeon.
             The game lasted 00:00:49 (192 turns).

spaghetti the Grasshopper (Demonspawn Warper)        Turns: 192, Time: 00:00:50

Health: -2/16      AC:  3    Str: 11    XL:     1   Next: 25%
Magic:  3/3        EV: 11    Int: 14    God:
Gold:   24         SH:  0    Dex: 12    Spells: 4/4 levels left

rFire   . . .      SeeInvis .   a - +0 mace {mace}
rCold   . . .      Faith    .   (no shield)
rNeg    . . .      Spirit   .   b - +0 leather armour
rPois   .          Reflect  .   (no helmet)
rElec   .          Harm     .   (no cloak)
rCorr   .          Rampage  .   (no gloves)
Will    .....                   (no boots)
Stlth   +.........              (no amulet)
HPRegen 0.05/turn               (no ring)
MPRegen 0.08/turn               (no ring)

@: no status effects
A: no striking features
a: no special abilities


You were on level 1 of the Dungeon.
You visited 1 branch of the dungeon, and saw 1 of its levels.

You collected 24 gold pieces.


   Skills:
 - Level 2.0 Fighting
 - Level 1.7 Maces & Flails
 - Level 0.8 Throwing
 - Level 0.8 Armour
 - Level 1.7 Dodging
 + Level 2.0 Spellcasting
 + Level 2.7 Translocations


You had 4 spell levels left.
You didn't know any spells.
Your spell library contained the following spells:

 Spells                   Type           Power      Damage    Failure   Level
 Blink                    Tloc           18%        N/A       16%         2
 Gell's Gravitas          Tloc           9%         N/A       30%         3
 Lesser Beckoning         Tloc           9%         N/A       30%         3
 Teleport Other           Tloc           9%         N/A       30%         3
 Manifold Assault         Tloc           9%         N/A       95%         5

Inventory:

Hand Weapons
 a - a +0 mace (weapon) {mace}
Armour
 b - a +0 leather armour (worn)
 e - a +0 pair of boots
   (You found it on level 1 of the Dungeon)
Scrolls
 f - a scroll of enchant weapon {unknown}

Dungeon Overview and Level Annotations

Branches:
Dungeon (1/15)

Altars:

#.#..#+# #......#
########..###
#...........#
#.#####..##.#
#.#......# .#
#...[##.###.#
#......g....#
#....##@#########
#....##.........#
#....##########.#
#....# #.# ##...#
#######.# #...#
#.......# #...#
#.####### #...#
##......#
#...###.# ###


You could see a goblin.


Message History

You barely miss the frilled lizard. The frilled lizard bites you. 😕 HP[-2]
You take 2 damage, and now have 14/16 hp.
You sock the frilled lizard!
You kill the frilled lizard!
No target in view!
No target in view!
No target in view!
No target in view!
No target in view!
No target in view!
No target in view!
No target in view!
Press: ? - help, . - travel You can't see that place. [the floor.]
You see here a +0 pair of boots.
e - a +0 pair of boots
f - a scroll labelled OKKYNK QO TIL 😎 HP[+2]
Your hp is fully restored (16).
As you open the door, it creaks loudly!
There is an open door here.
There is an open door here.
You see here a frilled lizard corpse.
Key pressed, stopping explore.
You now have 24 gold pieces (gained 11).
Key pressed, stopping explore.
You see here a frilled lizard corpse.
A kobold comes into view.
It is wielding a +0 dagger of electrocution.
The kobold shouts!
Really fire
d - 7 boomerangs of dispersal {=f!fthrowing}? [Y]es or [N]o only, please.
Really fire
d - 7 boomerangs of dispersal {=f!fthrowing}? [Y]es or [N]o only, please.
Really fire
d - 7 boomerangs of dispersal {=f!fthrowing}?
Unknown command.
The kobold hits you but does no damage.
You are electrocuted!
Ouch! That really hurt!
* * * LOW HITPOINT WARNING * * *
😱 HP[-13]
You take 13 damage, and now have 3/16 hp.
MASSIVE DAMAGE!! (PAUSE)
You aren't carrying any potions.
Okay, then.
Really read
c - a scroll of blinking {!r}?
Blink to where?
Press: ? - help, Dir - move target
As you read the scroll of blinking {!r}, it crumbles to dust.
The kobold throws a stone.
The stone hits you.
* * * LOW HITPOINT WARNING * * *
😱 HP[-2]
You take 2 damage, and now have 1/16 hp.
Throw: 7 boomerangs (disperse) {=f!fthrowing}
Press: ? - help, Q - select action Shift-Dir - straight line, f - kobold
Aim: a kobold, wielding a +0 dagger of electrocution and quivering stones (50% to hit)
You throw a boomerang of dispersal {=f!fthrowing}.
The boomerang of dispersal {=f!fthrowing} closely misses the kobold.
The kobold throws a stone.
The stone barely misses you.
Throw: 6 boomerangs (disperse) {=f!fthrowing}
Press: ? - help, Q - select action Shift-Dir - straight line, f/p - kobold
Aim: a kobold, wielding a +0 dagger of electrocution and quivering stones (50% to hit)
You throw a boomerang of dispersal {=f!fthrowing}.
The boomerang of dispersal {=f!fthrowing} closely misses the kobold.
A goblin comes into view. It is wielding a +0 dagger.
Throw: 5 boomerangs (disperse) {=f!fthrowing}
Press: ? - help, Q - select action Shift-Dir - straight line, f/p - kobold
Aim: a kobold, wielding a +0 dagger of electrocution and quivering stones (50% to hit)
You throw a boomerang of dispersal {=f!fthrowing}.
The goblin shouts!
The boomerang of dispersal {=f!fthrowing} hits the kobold.
The kobold blinks!
You feel a bit more experienced.
Throw: 4 boomerangs (disperse) {=f!fthrowing}
Press: ? - help, Q - select action Shift-Dir - straight line, f - goblin
Aim: a goblin, wielding a +0 dagger (50% to hit)
You throw a boomerang of dispersal {=f!fthrowing}.
The boomerang of dispersal {=f!fthrowing} barely misses the goblin.
Throw: 3 boomerangs (disperse) {=f!fthrowing}
Press: ? - help, Q - select action Shift-Dir - straight line, f/p - goblin
Aim: a goblin, wielding a +0 dagger (50% to hit)
You throw a boomerang of dispersal {=f!fthrowing}.
The boomerang of dispersal {=f!fthrowing} closely misses the goblin.
Throw: 2 boomerangs (disperse) {=f!fthrowing}
Press: ? - help, Q - select action Shift-Dir - straight line, f/p - goblin
Aim: a goblin, wielding a +0 dagger (50% to hit)
You throw a boomerang of dispersal {=f!fthrowing}.
The boomerang of dispersal {=f!fthrowing} hits the goblin but does no damage.
Throw: boomerang (disperse) {=f!fthrowing}
Press: ? - help, Q - select action Shift-Dir - straight line, f/p - goblin
Aim: a goblin, wielding a +0 dagger (50% to hit)
You throw a boomerang of dispersal {=f!fthrowing}.
The boomerang of dispersal {=f!fthrowing} closely misses the goblin.
You aren't carrying any items that you can evoke.
Unknown command.
You aren't carrying any potions.
Okay, then.
You barely miss the goblin. The goblin hits you with a +0 dagger.
You die...

Action                   || total
-------------------------++-------
Melee: Mace              ||     3
Throw: Boomerang         ||     7
  Use: Scroll            ||     1
Armor: Leather armour    ||     1
Dodge: Dodged            ||     1

Levels and vault maps discovered:
D:1:      minmay_arrival_stone_box, layout_basic

Notes
Turn   | Place    | Note
-------+----------+-------------------------------------------
     0 | D:1      | spaghetti the Demonspawn Warper began the quest for the
                  | Orb.
     0 | D:1      | Reached XP level 1. HP: 16/16 MP: 3/3
     0 | D:1      | magus.rc [v1.9.6]
   183 | D:1      | HP: 3/16 [kobold/+0 dagger of electrocution (13)]
   184 | D:1      | HP: 1/16 [kobold/stone (2)]
   192 | D:1      | Slain by a goblin

Vanquished Creatures
  A kobold (D:1)
  A frilled lizard (D:1)
2 creatures vanquished.

Table legend:
 A = Non-vault XP
 B = Vault XP
 C = Vault XP percentage of total XP
 D = Non-vault monster count
 E = Vault monster count
 F = Vault count percentage of total count
                 A         B        C        D         E       F
            +---------+---------+-------+---------+---------+-------
      Total |       3 |       0 |   0.0 |       2 |       0 |   0.0
            +---------+---------+-------+---------+---------+-------
        D:1 |       3 |       0 |   0.0 |       2 |       0 |   0.0
            +---------+---------+-------+---------+---------+-------

Illustrated notes

Table legend:
 A = Kills in this place as a percentage of kills in entire the game.
 B = Kills by you in this place as a percentage of kills by you in the entire game.
 C = Kills by friends in this place as a percentage of kills by friends in the entire game.
 D = Other kills in this place as a percentage of other kills in the entire game.
 E = Experience gained in this place as a percentage of experience gained in the entire game.
 F = Experience gained in this place divided by the number of levels of this place that you have seen.
                   A       B       C       D       E      F
               +-------+-------+-------+-------+-------+----------------------
         Total | 100.0 | 100.0 |   N/A |   N/A | 100.0 |   3.0
       Dungeon | 100.0 | 100.0 |   N/A |   N/A | 100.0 |   3.0
               +-------+-------+-------+-------+-------+----------------------

Table legend: (Time is in decaauts)
 A = Elapsed time spent in this place.
 B = Non-inter-level travel time spent in this place.
 C = Inter-level travel time spent in this place.
 D = Time resting spent in this place.
 E = Time spent auto-exploring this place.
 F = Levels seen in this place.
 G = Mean time per level.
                   A        B        C        D        E       F      G
               +--------+--------+--------+--------+--------+-----+--------+
         Total |    194 |    188 |      6 |      0 |    166 |   1 |  194.0 |
       Dungeon |    194 |    188 |      6 |      0 |    166 |   1 |  194.0 |
               +--------+--------+--------+--------+--------+-----+--------+

Top non-repeatable levels by time:
     D:1: 194 daAuts
